 Dungeon Crawl Stone Soup version 0.19.5 (webtiles) character file.

10954 spiff the Carver (level 11, -5/81 HPs)
             Began as a High Elf Fighter on Apr 7, 2017.
             Was a High Priest of Okawaru.
             Slain by a komodo dragon (18 damage)
             ... on level 2 of the Lair of Beasts.
             The game lasted 00:31:03 (10584 turns).

spiff the Carver (High Elf Fighter)                Turns: 10584, Time: 00:31:04

Health: -5/81      AC: 14    Str: 18    XL:     11   Next: 43%
Magic:  15/16      EV: 21    Int: 12    God:    Okawaru [*****.]
Gold:   678        SH:  7    Dex: 20    Spells: 0 memorised, 10 levels left

rFire  . . .     SeeInvis +     m - +4 falchion (curse)
rCold  . . .     Gourm    .     B - +3 scale mail {rPois}
rNeg   . . .     Faith    .     N - +0 buckler
rPois  +         Spirit   .     h - +0 helmet
rElec  .         Reflect  .     (no cloak)
rCorr  .         Harm     .     (no gloves)
MR     +....                    I - +0 pair of boots
Stlth  ++........               t - amulet of regeneration
                                C - ring of see invisible (curse)
                                k - +4 ring of dexterity

@: heroism
A: no striking features
a: Heroism, Finesse, Renounce Religion


You were on level 2 of the Lair of Beasts.
You worshipped Okawaru.
Okawaru was extremely pleased with you.
You were not hungry.

You visited 3 branches of the dungeon, and saw 13 of its levels.
You also visited: Sewer.

You collected 768 gold pieces.
You spent 90 gold pieces at shops.

Inventory:

Hand Weapons
 m - a cursed +4 falchion (weapon)
 J - a +0 blowgun
Missiles
 o - 72 poisoned needles
 p - 165 arrows
 q - 10 tomahawks (quivered)
 u - 2 needles of paralysis
Armour
 h - a +0 helmet (worn)
 B - a +3 scale mail of poison resistance (worn)
 I - a +0 pair of boots (worn)
 N - a +0 buckler (worn)
Jewellery
 k - a +4 ring of dexterity (left hand)
 t - an amulet of regeneration (around neck)
 C - a cursed ring of see invisible (right hand)
 T - an uncursed ring of protection from fire
Wands
 H - a wand of iceblast (6/15)
 Y - a wand of confusion (27/48)
 Z - a wand of lightning (6/15)
Scrolls
 a - a scroll of magic mapping
 e - a scroll of enchant weapon
 j - 3 scrolls of teleportation
 v - 4 scrolls of remove curse
Potions
 d - 2 potions of might
 l - a potion of mutation {unknown}
 n - 2 potions of brilliance
 r - 2 potions of haste {unknown}
 x - 4 potions of curing
 z - 3 potions of flight
 A - 3 potions of heal wounds
 D - 2 potions of magic {unknown}
 E - a potion of invisibility {unknown}
 F - 2 potions of lignification
 V - a potion of degeneration {unknown}
Books
 c - a book of Air

   Spells                             Type                      Level
   a - Shock                          Conjuration/Air              1
   b - Swiftness                      Charms/Air                   2
   c - Repel Missiles                 Charms/Air                   2
   d - Static Discharge               Conjuration/Air              3
   e - Lightning Bolt                 Conjuration/Air              5
 G - a book of Summonings

   Spells                             Type                      Level
   a - Recall                         Summoning/Translocation      3
   b - Aura of Abjuration             Summoning                    5
   c - Summon Demon                   Summoning                    5
   d - Summon Forest                  Summoning/Translocation      5
   e - Summon Mana Viper              Hexes/Summoning              5
   f - Shadow Creatures               Summoning                    6
 W - a book of Callings

   Spells                             Type                      Level
   a - Summon Small Mammal            Summoning                    1
   b - Call Imp                       Summoning                    2
   c - Call Canine Familiar           Summoning                    3
   d - Summon Guardian Golem          Hexes/Summoning              3
   e - Summon Lightning Spire         Summoning/Air                4
   f - Summon Ice Beast               Ice/Summoning                4
Comestibles
 f - 13 bread rations
 g - 7 meat rations
 O - 2 slices of pizza
 R - 9 royal jellies
 S - 17 fruits


   Skills:
 + Level 10.2(15.2) Fighting
 + Level 11.7(16.7) Long Blades
 - Level 5.0(10.0) Armour
 + Level 10.4(15.4) Dodging
 - Level 2.6(7.6) Shields
 + Level 5.7 Invocations


You had 10 spell levels left.
You didn't know any spells.

Dungeon Overview and Level Annotations

Branches:
Dungeon (10/15)            Temple (1/1) D:6            Lair (2/6) D:8
 Spider (0/4) Lair:2          Orc (0/2) D:9
  Swamp: Lair:2-4    Shoals: Lair:2-4

Altars:
Ashenzari
Cheibriados
Dithmenos
Elyvilon
Fedhas
Gozag
Hepliaklqana
Kikubaaqudgha
Makhleb
Nemelex Xobeh
Okawaru
Qazlal
Ru
Sif Muna
Trog
Uskayaw
Vehumet
Xom
Yredelemnul
Zin
The Shining One
Lugonu

Shops:
D:6 [   D:9 (

Annotations:
D:3 Vorshek's ghost, amateur DsMo


Message History

You hit the komodo dragon but do no damage.
The komodo dragon is heavily wounded.
You slash the komodo dragon!
The komodo dragon is severely wounded.
The komodo dragon bites you!
* * * LOW HITPOINT WARNING * * *
You hit the komodo dragon but do no damage.
The komodo dragon is severely wounded.
The komodo dragon barely misses you.
You barely miss the komodo dragon.
The komodo dragon is severely wounded.
You hit the komodo dragon but do no damage.
The komodo dragon is severely wounded.
The komodo dragon misses you.
You slash the komodo dragon!
The komodo dragon is almost dead.
You hit the komodo dragon.
The komodo dragon is almost dead.
The komodo dragon bites you!!
You die...

#..P.....#.........#
#..#..#...###.....##
#............#....#
##..P..P.##..#......
#..................#
##.................
##............... .
#P...#.....PP#+....
##...#...†.@l......
#...%..†...†......
#...P...#......(..
#.....###.#..#....
#..#.## #.........
#P....# #.........
##...## ##........
#..# ....... #..


You could see a komodo dragon.

Vanquished Creatures
  2 black mambas
  The ghost of Vorshek the Insei, a novice DsMo of Kikubaaqudgha (D:4)
  A spiny frog (Lair:1)
  A komodo dragon (Lair:2)
  A troll (D:10)
  A hornet (D:8)
  2 hippogriffs (Lair:1)
  5 yaks (Lair:1)
  A hungry ghost (D:9)
  A soldier ant (D:8)
  7 water moccasins
  4 orc warriors
  4 porcupines (Lair:2)
  3 ice beasts
  A sky beast (D:7)
  A black bear (D:8)
  5 ogres
  A necrophage (D:6)
  3 phantoms
  3 centaurs
  5 crocodiles
  2 big kobolds
  11 bullfrogs
  2 scorpions
  29 killer bees
  8 wights
  2 vampire bats (D:8)
  5 howler monkeys
  A crimson imp (D:5)
  A centaur zombie (D:7)
  A bullfrog zombie (D:6)
  2 gnoll shamans
  9 hounds
  2 jellies
  3 centaur skeletons
  5 orc priests
  3 orc wizards
  2 bullfrog skeletons (D:6)
  7 iguanas
  3 worker ants
  Terence (D:3)
  3 howler monkey skeletons
  A worker ant zombie (D:7)
  13 gnolls
  13 adders
  3 river rats
  An ooze (D:3)
  4 adder zombies
  4 worms
  A dart slug (D:1)
  3 leopard geckos (D:6)
  22 orcs
  4 ball pythons
  6 bats
  2 bat skeletons (D:8)
  3 bat zombies (D:8)
  4 giant cockroaches
  15 goblins
  8 hobgoblins
  4 jackals
  14 kobolds
  A quokka (D:5)
  6 frilled lizards
  A jackal skeleton (D:6)
  A leopard gecko skeleton (D:4)
  A leopard gecko zombie (D:5)
  12 rats
302 creatures vanquished.

Vanquished Creatures (others)
  A fungus (Lair:1)
1 creature vanquished.

Grand Total: 303 creatures vanquished

Notes
Turn   | Place    | Note
-------+----------+-------------------------------------------
     0 | D:1      | spiff the High Elf Fighter began the quest for the Orb.
     0 | D:1      | Reached XP level 1. HP: 16/16 MP: 2/2
   166 | D:1      | Reached XP level 2. HP: 20/21 MP: 3/3
   211 | D:1      | Reached skill level 1 in Dodging
   688 | D:2      | Reached XP level 3. HP: 25/26 MP: 4/4
   702 | D:2      | Found a shadowy altar of Dithmenos.
   990 | D:2      | Found Zin's Purification Station.
   994 | D:2      | Found a glowing silver altar of Zin.
  1034 | D:2      | Bought a potion of curing for 90 gold pieces
  1073 | D:2      | Found a snail-covered altar of Cheibriados.
  1182 | D:2      | Found a faded altar of an unknown god.
  1219 | D:2      | Reached XP level 4. HP: 31/31 MP: 5/5
  1319 | D:2      | Reached skill level 3 in Long Blades
  1628 | D:3      | Found a basalt altar of Yredelemnul.
  2060 | D:3      | Noticed Vorshek's ghost (amateur DsMo)
  2163 | D:3      | Reached XP level 5. HP: 30/37 MP: 6/6
  2403 | D:3      | Noticed Terence
  2494 | D:3      | Killed Terence
  2675 | D:4      | Noticed a phantom
  2731 | D:4      | Killed a phantom
  2731 | D:4      | Reached skill level 4 in Long Blades
  2731 | D:4      | Reached XP level 6. HP: 42/43 MP: 7/7
  2919 | D:4      | Found an opulent altar of Gozag.
  3122 | D:4      | Noticed Vorshek's ghost (novice DsMo)
  3205 | D:4      | Killed Vorshek's ghost
  3205 | D:4      | Reached skill level 5 in Fighting
  3205 | D:4      | Reached skill level 5 in Long Blades
  3205 | D:4      | Reached XP level 7. HP: 28/50 MP: 8/8
  3538 | D:4      | Reached skill level 5 in Dodging
  3562 | D:4      | Found a shattered altar of Ashenzari.
  3616 | D:4      | Reached skill level 5 in Armour
  3616 | D:4      | Reached XP level 8. HP: 49/56 MP: 9/9
  3835 | D:5      | Entered Level 5 of the Dungeon
  3844 | D:5      | Reached skill level 6 in Long Blades
  4404 | D:5      | Reached skill level 7 in Long Blades
  4446 | D:5      | Found a bloodstained altar of Trog.
  4654 | D:6      | Found a staircase to the Ecumenical Temple.
  4877 | Temple   | Entered the Ecumenical Temple
  4899 | Temple   | Became a worshipper of Warmaster Okawaru
  4991 | D:6      | Found a glowing drain.
  5012 | Sewer    | Entered a sewer
  5081 | Sewer    | Reached XP level 9. HP: 63/63 MP: 10/10
  5108 | Sewer    | Found a white marble altar of Elyvilon.
  5321 | D:6      | Reached skill level 8 in Long Blades
  5505 | D:6      | Reached * piety under Okawaru
  5712 | D:6      | Found Namixko's Antique Armour Boutique.
  6172 | D:6      | Reached skill level 9 in Long Blades
  6370 | D:7      | Found a sparkling altar of Nemelex Xobeh.
  6386 | D:7      | Found a glowing golden altar of the Shining One.
  6495 | D:7      | Found a sacrificial altar of Ru.
  6812 | D:7      | Reached ** piety under Okawaru
  7007 | D:8      | Reached XP level 10. HP: 54/73 MP: 8/11
  7070 | D:8      | Reached skill level 10 in Long Blades
  7087 | D:8      | Reached skill level 1 in Invocations
  7498 | D:8      | Found a radiant altar of Vehumet.
  7510 | D:8      | Found a staircase to the Lair.
  7700 | D:8      | Reached *** piety under Okawaru
  7879 | D:8      | Found an ancient bone altar of Kikubaaqudgha.
  8386 | D:9      | Found Uqicec's Antique Weapon Shop.
  8830 | D:9      | Found a staircase to the Orcish Mines.
  8897 | D:9      | Found a burning altar of Makhleb.
  9051 | D:10     | Entered Level 10 of the Dungeon
  9121 | D:10     | Reached skill level 11 in Long Blades
  9171 | D:10     | Noticed a hill giant
  9302 | Lair:1   | Entered Level 1 of the Lair of Beasts
  9302 | Lair:1   | Noticed a black mamba
  9316 | D:8      | Killed a black mamba
  9316 | D:8      | Reached **** piety under Okawaru
  9436 | Lair:1   | Reached XP level 11. HP: 76/81 MP: 15/15
  9544 | Lair:1   | Reached skill level 10 in Dodging
  9560 | Lair:1   | Reached skill level 10 in Fighting
  9806 | Lair:1   | Reached skill level 5 in Invocations
 10359 | Lair:2   | Noticed an orb spider
 10375 | Lair:2   | Found a hole to the Spider Nest.
 10539 | Lair:2   | Reached ***** piety under Okawaru
 10584 | Lair:2   | Slain by a komodo dragon

Skill      XL: |  1  2  3  4  5  6  7  8  9 10 11 |
---------------+----------------------------------+-----
Dodging        | 1 2 3 4 5 6 8 9 10 | 10.4
Armour         | 3 4 5 |  5.0
Long Blades    | 3 4 5 7 9 11 | 11.7
Fighting       | 4 5 6 8 9 10 | 10.2
Invocations    | 4 5 |  5.7
Shields        | |  2.6

Action                   |  1- 3 |  4- 6 |  7- 9 | 10-12 || total
-------------------------+-------+-------+-------+-------++-------
Melee: Long sword        |   151 |   197 |   173 |       ||   521
       Falchion          |       |       |   354 |   626 ||   980
Throw: Tomahawk          |       |     9 |       |       ||     9
Invok: Heroism           |       |       |     1 |     6 ||     7
  Use: Scroll            |       |     8 |     7 |     4 ||    19
       Potion            |       |       |     1 |     1 ||     2
  Eat: Chunk             |     1 |     7 |    14 |    13 ||    35
       Fruit             |       |       |       |     1 ||     1
Armor: Plate armour      |   124 |    57 |       |       ||   181
       Scale mail        |     1 |    29 |   191 |   143 ||   364
Dodge: Dodged            |    13 |    32 |   254 |   402 ||   701
Block: Shield            |    89 |    87 |   277 |    62 ||   515
       Buckler           |       |       |       |   113 ||   113
       Rpst.: Long sword |     1 |    15 |    22 |       ||    38
       Falchion          |       |       |    55 |   122 ||   177
